 Dungeon Crawl Stone Soup version 0.29.0-11-gd7f09526c8 (webtiles) character file.

Game seed: 2537006475591432304

15947 Artool the Fighter (level 12, -11/113 HPs)
             Began as a Minotaur Fighter on Sept 6, 2022.
             Was an Elder of Trog.
             Mangled by a polar bear (12 damage)
             ... on level 1 of the Lair of Beasts.
             The game lasted 02:06:21 (12709 turns).

Artool the Fighter (Minotaur Fighter)              Turns: 12709, Time: 02:06:22

Health: -11/113    AC: 18    Str: 28    XL:     12   Next: 5%
Magic:  0/11       EV:  9    Int:  4    God:    Trog [****..]
Gold:   723        SH: 13    Dex: 14    Spells: 11/11 levels left

rFire   . . .      SeeInvis .   a - +4 long sword (freeze)
rCold   + + .      Faith    .   c - +1 kite shield {AC+3}
rNeg    + . .      Spirit   +   k - +3 scale mail
rPois   +          Reflect  .   (helmet restricted)
rElec   .          Harm     .   g - +2 ratskin cloak {*Rats rPois rN+ Str-1 Int-1 Dex+1}
rCorr   .          Rampage  .   (no gloves)
Will    .....                   (no boots)
Stlth   ..........              L - amulet of guardian spirit
HPRegen 0.28/turn               A - +6 ring of strength
MPRegen 0.12/turn               (no ring)

@: lethally poisoned (-11 -> -23), about to teleport, on berserk cooldown,
slowed, very slow
A: horns 2, retaliatory headbutt, cold resistance 2, deterioration 1
a: Renounce Religion, Berserk, Trog's Hand, Brothers in Arms


You were on level 1 of the Lair of Beasts.
You worshipped Trog.
Trog was greatly pleased with you.
You visited 2 branches of the dungeon, and saw 10 of its levels.

You collected 723 gold pieces.

Inventory:

Hand Weapons
 a - a +4 long sword of freezing (weapon)
 b - the +9 heavy crossbow "Sniper" {vorpal, Acc+∞ SInv}
   (You found it on level 2 of the Dungeon)

   Any ammunition fired from it inflicts extra damage upon your enemies.
   Any ammunition fired from it never misses its target.
   SInv:      It lets you see invisible.
 N - the +5 morningstar of the Skies Above {elec, Int+4}
   (You found it on level 9 of the Dungeon)

   It occasionally discharges a powerful burst of electricity upon striking a
   foe.
   Int:       It affects your intelligence (+4).
Missiles
 h - 67 stones
 n - 8 boomerangs
 o - 3 javelins (quivered)
 K - a curare-tipped dart
Armour
 c - a +1 kite shield of protection (worn)
 g - the +2 ratskin cloak (worn) {*Rats rPois rN+ Str-1 Int-1 Dex+1}
   (You found it on level 2 of the Dungeon)

   When the wearer is hurt, rats may emerge from it to assist them.
   Str:       It affects your strength (-1).
   Int:       It affects your intelligence (-1).
   Dex:       It affects your dexterity (+1).
   rPois:     It protects you from poison.
   rN:        It protects you from negative energy.
 k - a +3 scale mail (worn)
 C - +0 steam dragon scales
 J - a +3 kite shield
Jewellery
 A - a +6 ring of strength (left hand)
 L - an amulet of guardian spirit (around neck)
Wands
 j - a wand of flame (29)
 z - a wand of polymorph (5)
 M - a wand of light (12)
Scrolls
 e - 17 scrolls of identify
 l - 2 scrolls of butterflies
 p - 2 scrolls of fear
 q - 5 scrolls of teleportation
 G - a scroll of silence
 I - a scroll of enchant armour
Potions
 d - 5 potions of might
 m - 4 potions of curing
 r - a potion of invisibility
 s - a potion of haste
 D - a potion of heal wounds
 H - 2 potions of resistance
Miscellaneous
 f - a phial of floods (inert)


   Skills:
 + Level 12.3 Fighting
 + Level 12.0 Long Blades
 - Level 2.0 Ranged Weapons
 + Level 12.3 Armour
 + Level 12.3 Shields


You had 11 spell levels left.
You didn't know any spells.
Your spell library contained the following spells:

 Spells                   Type           Power      Damage    Failure   Level
 Necrotise                Necr           0%         1d4       91%         1
 Sandblast                Erth           0%         2d4       91%         1
 Blink                    Tloc           0%         N/A       97%         2
 Ensorcelled Hibernation  Hex/Ice        0%         N/A       97%         2
 Passwall                 Tmut/Erth      0%         N/A       97%         2
 Sublimation of Blood     Necr           0%         N/A       97%         2
 Wereblood                Tmut           0%         N/A       97%         2
 Spider Form              Tmut/Pois      0%         N/A       99%         3
 Stone Arrow              Conj/Erth      0%         3d7       99%         3
 Swiftness                Air            0%         N/A       99%         3
 Vampiric Draining        Necr           0%         2d6       99%         3
 Anguish                  Hex/Necr       0%         N/A       100%        4
 Petrify                  Tmut/Erth      0%         N/A       100%        4
 Agony                    Necr           0%         N/A       100%        5
 Manifold Assault         Tloc           0%         N/A       100%        5
 Metabolic Englaciation   Hex/Ice        0%         N/A       100%        5
 Statue Form              Tmut/Erth      0%         N/A       100%        6
 Storm Form               Tmut/Air       0%         N/A       100%        7
 Summon Hydra             Summ           0%         N/A       100%        7


Dungeon Overview and Level Annotations

Branches:
Dungeon (9/15)             Temple (0/1) D:4            Lair (1/5) D:9
    Orc: D:9-12

Altars:
Elyvilon
Hepliaklqana
Kikubaaqudgha
Ru
Trog
Zin
The Shining One

Shops:
D:1 *[([:

Annotations:
D:4 1 runed translucent door, 4FPSwarrior's ghost, amateur DsHW; Edmund; Sigmund


Innate Abilities, Weirdness & Mutations

You have a pair of horns on your head.
You reflexively headbutt those who attack you in melee.
Your flesh is very cold resistant. (rC++)
Your body sometimes deteriorates upon taking damage.


Message History

You headbutt the polar bear.
The polar bear claws you but does no damage. x2
You block the black mamba's attack. The polar bear bites you.
* * * LOW HITPOINT WARNING * * *
The polar bear barely misses you.
The polar bear claws you but does no damage.
The black mamba attacks as you move away!
The black mamba bites you but does no damage.
The basilisk gazes at you. You resist with some effort.
The black mamba bites you but does no damage.
You block the polar bear's attack.
The polar bear claws you but does no damage.
You block the polar bear's attack.
The black mamba bites you but does no damage.
The polar bear attacks as you move away!
The polar bear bites you but does no damage.
The polar bear claws you but does no damage.
You block the polar bear's attack.
The six-headed hydra attacks as you move away!
The six-headed hydra barely misses you.
The six-headed hydra bites you but does no damage.
You block the six-headed hydra's attack.
The six-headed hydra bites you but does no damage. x2
The six-headed hydra bites you.
* * * LOW HITPOINT WARNING * * *
The black mamba bites you!
* * * LOW HITPOINT WARNING * * *
You are lethally poisoned!
The black mamba poisons you!
You block the six-headed hydra's attack.
The six-headed hydra bites you.
* * * LOW HITPOINT WARNING * * *
You block the six-headed hydra's attack.
The six-headed hydra bites you.
* * * LOW HITPOINT WARNING * * *
The six-headed hydra closely misses you.
The six-headed hydra bites you but does no damage.
The polar bear bites you!
You die...

.# #.#...#####'#≈≈≈..≈.# ##÷#
####...#..##...~≈≈≈)..≈# #.# #
#P.#.#.##≈†.≈≈≈≈≈~..≈# #.#
####.....##.†~≈≈≈≈≈≈≈.## #.#
##......####.~l≈≈≈≈~~..# #.#
#.?......##...≈≈≈≈≈~..## #.#
.........##....~≈≈≈...# #.#
#........##....hD≈...## #.#
.#....#...##≈#.S@...#.# ##.#
.....##.#.###.###.≈#.######..#
......#.#.##### ########.....#
#####.#.#.P#######...#...###P#
# #..............#...### ### #
#.##.##.##...####### # #.
######## #####. #. ......##.


You could see a six-headed hydra, a polar bear, a black mamba and a basilisk.

Vanquished Creatures
  2 dire elephants (Lair:1)
  An anaconda (Lair:1)
  A tengu warrior (D:9)
  A fire crab (Lair:1)
  A cyclops (D:9)
  A black mamba (Lair:1)
  An elephant (Lair:1)
  3 cane toads (Lair:1)
  Maggie (D:6)
  2 komodo dragons
  2 hornets (D:9)
  22 yaks
  6 wyverns
  A wraith (D:9)
  A vampire (D:9)
  3 steam dragons
  3 vampire mosquitoes (D:9)
  Menkaure (D:6)
  5 water moccasins
  Duvessa (D:6)
  2 orc warriors
  3 sky beasts
  2 black bears
  An ice beast (D:8)
  A wolf (Lair:1)
  4 centaurs
  2 kobold brigands
  5 bullfrogs
  A necrophage (D:5)
  A gnoll sergeant (D:9)
  3 scorpions
  14 wights (D:8)
  Dowan (D:6)
  8 killer bees
  A howler monkey (D:7)
  An orc priest (D:6)
  2 hounds
  2 jellies (D:6)
  3 iguanas
  8 orc wizards
  A mummy (D:8)
  5 adders
  A shadow imp (D:8)
  A howler monkey simulacrum (D:9)
  An ufetubus (D:4)
  4 dart slugs
  14 orcs
  4 bats
  8 endoplasms
  3 giant cockroaches
  9 hobgoblins
  12 kobolds
  4 quokkas
  8 ball pythons
  5 frilled lizards
  18 goblins
  4 kobold zombies (D:8)
  5 rats
231 creatures vanquished.

Vanquished Creatures (collateral kills)
  An ice beast (D:5)
  A centaur (D:5)
  A bullfrog (Lair:1)
  Crazy Yiuf (D:6)
  An iguana (D:4)
  Robin (D:3)
  An adder (D:5)
  2 orcs
  A goblin (D:3)
10 creatures vanquished.

Vanquished Creatures (others)
  A bush (Lair:1)
  5 fungi (Lair:1)
  7 plants
13 creatures vanquished.

Grand Total: 254 creatures vanquished

Notes
Turn   | Place    | Note
-------+----------+-------------------------------------------
     0 | D:1      | Artool the Minotaur Fighter began the quest for the Orb.
     0 | D:1      | Reached XP level 1. HP: 19/19 MP: 0/0
    92 | D:1      | Found Biel's Weapon Shop.
   169 | D:1      | Reached XP level 2. HP: 18/27 MP: 1/1
   196 | D:1      | Found Rigaom's Antique Armour Emporium.
   444 | D:1      | Found Wirroot's Book Shoppe.
   518 | D:1      | Found Doring's Antique Armour Shop.
   687 | D:1      | Found Tyuw's Assorted Antiques.
   733 | D:1      | Reached XP level 3. HP: 33/33 MP: 2/2
   881 | D:2      | Found the +9 heavy crossbow "Sniper" {vorpal, Acc+∞ SInv}
   967 | D:2      | Found the +2 ratskin cloak {*Rats rPois rN+ Str-1 Int-1
                  | Dex+1}
  1037 | D:2      | Gained mutation: Your body sometimes deteriorates upon
                  | taking damage. [potion of mutation]
  1037 | D:2      | Gained mutation: Your flesh is cold resistant. (rC+)
                  | [potion of mutation]
  1037 | D:2      | Gained mutation: Your flesh is very cold resistant. (rC++)
                  | [potion of mutation]
  1189 | D:2      | Found a faded altar of an unknown god.
  2369 | D:3      | Reached skill level 1 in Ranged Weapons
  2369 | D:3      | Reached XP level 4. HP: 18/40 MP: 3/3
  2405 | D:3      | Noticed Robin
  2427 | D:3      | Killed Robin
  2641 | D:3      | Found a bloodstained altar of Trog.
  2676 | D:3      | Became a worshipper of Trog the Wrathful
  2968 | D:4      | Found a glowing golden altar of the Shining One.
  2968 | D:4      | Found a glowing silver altar of Zin.
  2968 | D:4      | Found a white marble altar of Elyvilon.
  3016 | D:4      | Found a staircase to the Ecumenical Temple.
  3136 | D:4      | Reached XP level 5. HP: 47/47 MP: 4/4
  3199 | D:4      | Found a runed translucent gate.
  3199 | D:4      | Noticed 4FPSwarrior's ghost (amateur DsHW)
  3890 | D:4      | Noticed Sigmund
  3891 | D:4      | Noticed Edmund
  3951 | D:5      | Entered Level 5 of the Dungeon
  4007 | D:5      | Reached skill level 5 in Armour
  4051 | D:5      | Reached skill level 5 in Fighting
  4051 | D:5      | Reached skill level 5 in Shields
  4051 | D:5      | Reached XP level 6. HP: 47/56 MP: 5/5
  4085 | D:5      | Reached * piety under Trog
  4286 | D:5      | Noticed a water moccasin
  4303 | D:5      | Killed a water moccasin
  4329 | D:5      | Reached skill level 5 in Long Blades
  4329 | D:5      | Reached XP level 7. HP: 61/61 MP: 6/6
  5188 | D:6      | Noticed Duvessa
  5188 | D:6      | Noticed Dowan
  5280 | D:6      | Killed Duvessa
  5282 | D:6      | Killed Dowan
  5283 | D:6      | Reached XP level 8. HP: 49/71 MP: 7/7
  5375 | D:6      | Noticed Menkaure
  5381 | D:6      | Killed Menkaure
  5789 | D:6      | Found a runed translucent door.
  5790 | D:6      | Noticed Crazy Yiuf
  5801 | D:6      | Killed Crazy Yiuf
  6000 | D:6      | Noticed Maggie
  6013 | D:6      | Killed Maggie
  6234 | D:6      | Reached ** piety under Trog
  6419 | D:6      | Reached XP level 9. HP: 79/81 MP: 8/8
  8222 | D:8      | Reached XP level 10. HP: 74/91 MP: 9/9
  8354 | D:8      | Reached *** piety under Trog
  8683 | D:8      | Found a hazy altar of Hepliaklqana.
  8683 | D:8      | Found a sacrificial altar of Ru.
  9327 | D:8      | Found an ancient bone altar of Kikubaaqudgha.
  9504 | D:9      | Reached skill level 10 in Fighting
  9504 | D:9      | Reached skill level 10 in Armour
  9504 | D:9      | Reached skill level 10 in Shields
  9614 | D:9      | Reached skill level 10 in Long Blades
  9779 | D:9      | Noticed a tengu warrior
  9821 | D:9      | Killed a tengu warrior
 10138 | D:9      | Found a staircase to the Lair.
 10319 | D:9      | Reached XP level 11. HP: 101/101 MP: 10/10
 10572 | D:9      | Identified the +5 morningstar of the Skies Above {elec,
                  | Int+4}
 11112 | Lair:1   | Entered Level 1 of the Lair of Beasts
 11457 | Lair:1   | Reached **** piety under Trog
 11996 | Lair:1   | Noticed a fire crab
 12015 | Lair:1   | Killed a fire crab
 12296 | Lair:1   | Noticed a dire elephant
 12316 | Lair:1   | Killed a dire elephant
 12668 | Lair:1   | Noticed a dire elephant
 12681 | Lair:1   | Noticed an anaconda
 12684 | Lair:1   | Killed a dire elephant
 12685 | Lair:1   | Reached XP level 12. HP: 29/112 MP: 2/11
 12691 | Lair:1   | Killed an anaconda
 12704 | Lair:1   | Noticed a six-headed hydra
 12709 | Lair:1   | HP: 3/113 [six-headed hydra (3)]
 12709 | Lair:1   | HP: 1/113 [six-headed hydra (2)]
 12709 | Lair:1   | Mangled by a polar bear

Illustrated notes

Levels and vault maps discovered:
D:1:      sevenhm_arrival_forest_fort_large_2, layout_rooms, serial_shops, shop,
          shop_coins, nicolae_shop_advertising_works
          [nicolae_subvault_shop_adworks], shop, shop
D:2:      layout_basic, shapermc_ecumenical_altar_petra
D:3:      layout_loops_ring, trog_three_pillars_becter, uniq_robin
D:4:      kennysheep_six_static_rooms, layout_cave_pods, good_gods_mini_temple,
          minmay_temple_entry_junction_2, biasface_ghost_orc_armoury,
          grunt_decor_clamped, sigmund_edmund_badplayer
D:5:      layout_basic, grunt_ministairs_7, uniq_sigmund
D:6:      layout_cave_pods, uniq_menkaure, uniq_crazy_yiuf_cottage, uniq_maggie,
          uniq_duvessa
D:7:      layout_basic, enter_bailey_5, kennysheep_generic_room_16
D:8:      layout_loops_ring, marbit_many_paths, jmf_multi_god_temple,
          minmay_mini_ossuary
D:9:      minmay_ornate_pinched, layout_loops_ring, david_lair_shrubbed,
          grunt_decor_mini_mirrors
Lair:1:   layout_loops_ring, nicolae_lair_lakeside_cave

Skill      XL: |  1  2  3  4  5  6  7  8  9 10 11 |
---------------+----------------------------------+-----
Armour         | 4 5 6 7 9 10 12 | 12.3
Shields        | 4 5 6 7 9 10 12 | 12.3
Long Blades    | 3 4 5 6 7 8 10 12 | 12.0
Fighting       | 4 5 6 7 9 10 12 | 12.3
Ranged Weapons | 1 2 |  2.0

Action                   |  1- 3 |  4- 6 |  7- 9 | 10-12 || total
-------------------------+-------+-------+-------+-------++-------
Melee: Long sword        |   118 |   129 |   230 |   386 ||   863
       Headbutt          |    17 |    17 |    50 |    85 ||   169
 Fire: Heavy crossbow    |       |       |    20 |     8 ||    28
Invok: Berserk           |       |       |       |     5 ||     5
Evoke: Phial of floods   |       |       |       |     1 ||     1
  Use: Scroll            |     5 |     2 |     2 |     3 ||    12
       Potion            |     5 |     1 |     3 |     1 ||    10
 Stab: Distracted        |       |       |       |     3 ||     3
Armor: Scale mail        |    52 |    58 |   110 |   176 ||   396
Dodge: Dodged            |    39 |    45 |    82 |   110 ||   276
Block: Buckler           |     3 |       |       |       ||     3
       Kite shield       |    36 |    61 |   109 |   205 ||   411
